 Dungeon Crawl Stone Soup version 0.28-a0-1152-g9c71ebef14 (webtiles) character file.

Game seed: 16837955757285071234

56 spaghetti the Sneak (level 3, -3/27 HPs)
             Began as an Octopode Delver on Dec 14, 2021.
             Killed from afar by an orc wizard (7 damage)
             ... with a puff of flame
             ... on level 5 of the Dungeon.
             The game lasted 00:01:13 (453 turns).

spaghetti the Sneak (Octopode Delver)                Turns: 453, Time: 00:01:14

Health: -3/27      AC:  1    Str: 11    XL:     3   Next: 97%
Magic:  3/3        EV: 13    Int: 14    God:
Gold:   12         SH:  0    Dex: 13    Spells: 2/2 levels left

rFire   . . .      SeeInvis .   a - +0 short sword {short}
rCold   . . .      Faith    .   (no shield)
rNeg    . . .      Spirit   .   (helmet restricted)
rPois   .          Reflect  .   (no amulet)
rElec   .          Harm     .   (no ring)
rCorr   .          Rampage  .   (no ring)
Will    .....                   (no ring)
Stlth   ++++......              (no ring)
HPRegen 0.09/turn               (no ring)
MPRegen 0.08/turn               (no ring)
                                (no ring)
                                (no ring)

@: hasted, very quick
A: almost no armour, amphibious, 8 rings, camouflage 1, gelatinous body 1,
(nimble swimmer 1), tentacles
a: no special abilities


You were on level 5 of the Dungeon.
You visited 1 branch of the dungeon, and saw 2 of its levels.

You collected 12 gold pieces.


Innate Abilities, Weirdness & Mutations

You cannot wear most types of armour.
You are amphibious.
You can wear up to eight rings at the same time.
Your skin changes colour to match your surroundings (Stealth+).
Your rubbery body absorbs attacks. (AC +1, EV +1)
((You are camouflaged near water. (Stealth+)))
You have tentacles for arms and can constrict up to eight enemies at once.


   Skills:
 + Level 4.7 Fighting
 - Level 2.0 Short Blades
 - Level 2.0 Dodging
 - Level 6.6 Stealth


You had 2 spell levels left.
You didn't know any spells.
Your spell library was empty.

Inventory:

Hand Weapons
 a - a +0 short sword (weapon) {short}
Missiles
 h - 22 sling bullets
Magical Staves
 c - a staff of cold {!astaff}
   (You found it on level 5 of the Dungeon)
Wands
 f - a wand of digging (3)
Scrolls
 b - a scroll of fog

Dungeon Overview and Level Annotations

Branches:
Dungeon (5/15)
 Temple: D:4-7

Altars:

#......# #.#.##.#
######## #.#.##.#
.......##...##.#
#.......#..#.#.#
#.......#...#..#
#.......#..###.#
#...$.).###.#.##
##..####.## #...{@...#
.......###..#
....#..####..# #######
##.
#..#.....#######.....#
#
#.?#.##.......##.###.#
#.......#####.##.###..
##.#.##.#####.##......
.... #.##.l..........
... #.##.##.##.....#


There were no monsters in sight!


Message History

No target in view!
No target in view!
No target in view!
No target in view!
No target in view!
No target in view!
No target in view!
No target in view!
No target in view!
No target in view!
No target in view!
No target in view!
No target in view!
Unknown command.
A hound skeleton is nearby! 😕 HP[+1]
The hound skeleton bites you. 😕 HP[-2]
You take 2 damage, and now have 24/27 hp.
You hit the hound skeleton. Your grab misses the hound skeleton.
The hound skeleton misses you.
You hit the hound skeleton. You grab the hound skeleton.
You squeeze the hound skeleton. You constrict the hound skeleton.
The hound skeleton bites you. 😕 HP[-3]
You take 3 damage, and now have 21/27 hp.
You hit the hound skeleton. You constrict the hound skeleton.
The hound skeleton bites you but does no damage.
The hound skeleton misses you.
You hit the hound skeleton.
You destroy the hound skeleton!
No target in view!
No target in view!
No target in view!
No target in view!
No target in view!
No target in view!
No target in view!
No target in view!
No target in view!
No target in view!
No target in view!
No target in view!
No target in view! 😎 HP[+6]
Your hp is fully restored (27).
An orc and an orc wizard come into view.
The orc shouts! x3
The orc wizard shouts!
You hit the orc. You grab the orc. You constrict the orc.
The orc closely misses you.
You hit the orc.
You kill the orc!
You hit the orc. You grab the orc.
You constrict the orc, but do no damage.
The orc hits you with a +0 club.
The orc wizard gestures wildly while chanting.
The orc wizard flickers and vanishes!
Deactivating autopickup; reactivate with Ctrl-A.
You hit the orc but do no damage. You constrict the orc.
The orc hits you with a +0 club.
You hit the orc but do no damage. You constrict the orc.
The orc hits you with a +0 club. 😮 HP[-10]
You take 10 damage, and now have 17/27 hp.
MASSIVE DAMAGE!! (PAUSE)
You release your grip on the orc. 😮 HP[+1]
You hit the orc. You grab the orc. You constrict the orc.
The orc hits you with a +0 club. 😮 HP[-3]
You take 3 damage, and now have 15/27 hp.
You hit the orc.
You kill the orc!
You completely miss the orc. Your grab misses the orc.
Your squeeze misses the orc. The orc hits you with a +0 club.
* * * LOW HITPOINT WARNING * * *
😨 HP[-4]
You take 4 damage, and now have 11/27 hp.
You hit the orc but do no damage. You grab the orc. You squeeze the orc.
You kill the orc!
You start resting.
Something hits you.
* * * LOW HITPOINT WARNING * * *
😨 HP[-4]
You take 4 damage, and now have 7/27 hp.
You barely miss something. You squeeze something! Something hits you.
* * * LOW HITPOINT WARNING * * *
😱 HP[-3]
You take 3 damage, and now have 4/27 hp.
Okay, then.
Okay, then.
Okay, then.
You don't know any spells.
Unknown command.
You feel yourself speed up.
You hear some strange, mumbled words.
A puff of flame appears from out of thin air!
The puff of flame hits you!
You die...

Skill      XL: |  1 |
---------------+----+-----
Fighting       | 4 |  4.7
Short Blades   | |  2.0
Dodging        | |  2.0
Stealth        | |  6.6

Action                   || total
-------------------------++-------
Melee: Short sword       ||    26
       Constrict         ||     8
       Tentacles         ||     4
  Use: Scroll            ||     3
       Potion            ||     5
 Stab: Sleeping          ||     1
Armor: Skin              ||     2
Dodge: Dodged            ||    13

Levels and vault maps discovered:
D:4:      layout_rooms, grunt_dithmenos_smoke_and_mirrors, zin_academy,
          cheibrodos_sewer_entry_sluice, serial_shops,
          nicolae_shop_competitors_out_of_business
D:5:      layout_loops_cross, serial_shops, kennysheep_mini, shop,
          kennysheep_mini_moat

Notes
Turn   | Place    | Note
-------+----------+-------------------------------------------
     0 | D:5      | spaghetti the Octopode Delver began the quest for the Orb.
     0 | D:5      | Reached XP level 1. HP: 16/16 MP: 1/1
     0 | D:5      | magus.rc [v1.9.6]
    16 | D:5      | Noticed a hound
    37 | D:5      | Killed a hound
    38 | D:5      | Reached skill level 4 in Fighting
    38 | D:5      | Reached XP level 2. HP: 14/22 MP: 2/2
    38 | D:5      | Reached XP level 3. HP: 18/27 MP: 3/3
   452 | D:5      | HP: 4/27 [something (3)]
   453 | D:5      | Killed from afar by an orc wizard

Vanquished Creatures
  A hound (D:5)
  A hound skeleton (D:5)
  A white imp (D:5)
  3 orcs (D:5)
  2 quokkas (D:5)
8 creatures vanquished.

Table legend:
 A = Non-vault XP
 B = Vault XP
 C = Vault XP percentage of total XP
 D = Non-vault monster count
 E = Vault monster count
 F = Vault count percentage of total count
                 A         B        C        D         E       F
            +---------+---------+-------+---------+---------+-------
      Total |      81 |       0 |   0.0 |       8 |       0 |   0.0
            +---------+---------+-------+---------+---------+-------
        D:5 |      81 |       0 |   0.0 |       8 |       0 |   0.0
            +---------+---------+-------+---------+---------+-------

Illustrated notes

Table legend:
 A = Kills in this place as a percentage of kills in entire the game.
 B = Kills by you in this place as a percentage of kills by you in the entire game.
 C = Kills by friends in this place as a percentage of kills by friends in the entire game.
 D = Other kills in this place as a percentage of other kills in the entire game.
 E = Experience gained in this place as a percentage of experience gained in the entire game.
 F = Experience gained in this place divided by the number of levels of this place that you have seen.
                   A       B       C       D       E      F
               +-------+-------+-------+-------+-------+----------------------
         Total | 100.0 | 100.0 |   N/A |   N/A | 100.0 |  40.5
       Dungeon | 100.0 | 100.0 |   N/A |   N/A | 100.0 |  40.5
               +-------+-------+-------+-------+-------+----------------------

Table legend: (Time is in decaauts)
 A = Elapsed time spent in this place.
 B = Non-inter-level travel time spent in this place.
 C = Inter-level travel time spent in this place.
 D = Time resting spent in this place.
 E = Time spent auto-exploring this place.
 F = Levels seen in this place.
 G = Mean time per level.
                   A        B        C        D        E       F      G
               +--------+--------+--------+--------+--------+-----+--------+
         Total |    453 |    446 |      7 |     98 |    238 |   2 |  226.5 |
       Dungeon |    453 |    446 |      7 |     98 |    238 |   2 |  226.5 |
               +--------+--------+--------+--------+--------+-----+--------+

Top non-repeatable levels by time:
     D:5: 444 daAuts
     D:4: 8 daAuts
